 Dungeon Sprint DCSS version 0.22.1-1-ga44c0e56f4 (webtiles) character file.

26 MuseOD the Covert (level 6, -10/35 HPs)
             Began as a Spriggan Enchanter on Sept 26, 2018.
             Was a Priest of Dithmenos.
             Killed from afar by a deep elf mage (39 damage)
             ... with a shard of ice
             ... in the Dungeon (Sprint VI: "Thunderdome").
             The game lasted 00:02:36 (443 turns).

MuseOD the Covert (Spriggan Enchanter)               Turns: 443, Time: 00:02:37

Health: -10/35     AC:  2    Str:  4    XL:     6   Next: 40%
Magic:  1/17       EV: 18    Int: 18    God:    Dithmenos [***...]
Gold:   240        SH:  0    Dex: 17    Spells: 8/20 levels left

rFire    . . .     SeeInvis +   a - +1 dagger
rCold    . . .     Gourm    .   (shield restricted)
rNeg     . . .     Faith    .   b - +0 robe
rPois    .         Spirit   .   (helmet restricted)
rElec    .         Reflect  .   (no cloak)
rCorr    .         Harm     .   (gloves unavailable)
MR       +....     NoTele   +   (boots unavailable)
Stlth    ++++++....             (no amulet)
HPRegen  0.11/turn              (no ring)
MPRegen  0.15/turn              (no ring)

@: wreathed by umbra, very quick
A: very small, unfitting armour, see invisible, herbivore, speed 3, slow
metabolism 2
a: Shadow Step, Renounce Religion


You were in the Dungeon.
You worshipped Dithmenos.
Dithmenos was most pleased with you.
You were not hungry.

You visited 1 branch You collected 240 gold pieces.

Inventory:

Hand Weapons
 a - a +1 dagger (weapon)
Armour
 b - a +0 robe (worn)
Wands
 k - a wand of acid (3)
 l - a wand of iceblast (4)
Scrolls
 j - 4 scrolls of blinking
 m - 3 scrolls of fog
Potions
 c - a potion of resistance
 e - a potion of curing
 f - 4 potions of heal wounds
 g - 4 potions of haste
 h - 2 potions of magic
 i - a potion of berserk rage
Comestibles
 d - a ration


   Skills:
 + Level 5.0 Fighting
 * Level 9.6 Short Blades
 - Level 3.0 Dodging
 + Level 10.5 Stealth
 + Level 7.5 Spellcasting
 - Level 3.6 Hexes


You had 8 spell levels left.
You knew the following spells:

 Your Spells              Type           Power        Failure   Level  Hunger
a - Corona                Hex            ###....      2%          1    None
b - Ensorcelled Hibernat  Hex/Ice        ##....       8%          2    None
c - Confuse               Hex            ###.....     7%          3    #......
d - Dazzling Spray        Conj/Hex       ##....       14%         3    #......
e - Tukima's Dance        Hex            ###.....     7%          3    #......

Your spell library contained the following spells:

 Spells                   Type           Power        Failure   Level  Hunger


Dungeon Overview and Level Annotations

Branches:
Dungeon (1/1)

Altars:
Cheibriados
Dithmenos
Fedhas
Gozag
Kikubaaqudgha
Makhleb
Okawaru
Qazlal
Ru
Sif Muna
Trog
Uskayaw
Vehumet
Wu Jian
Xom
Yredelemnul
Zin
The Shining One
Beogh
Jiyva
Lugonu

Shops:
D *[%??*?*:[((!!!!


Innate Abilities, Weirdness & Mutations

You are very small and have problems with some larger weapons.
You are too small for most types of armour.
You have supernaturally acute eyesight. (SInv)
You are a herbivore.
You cover ground extremely quickly.
You need to consume almost no food.


Message History

Aiming: Ensorcelled Hibernation (safe; 8% risk of failure)
Press: ? - help, Shift-Dir - straight line, f - redback
Aim: a redback (summoned, umbra, chance to defeat MR: 44%)
Okay, then.
Casting: Ensorcelled Hibernation (safe; 8% risk of failure)
Confirm with . or Enter, or press ? or * to list all spells.
Aiming: Dazzling Spray (safe; 14% risk of failure)
Press: ? - help, Shift-Dir - straight line
Okay, then.
Casting: Dazzling Spray (safe; 14% risk of failure)
Confirm with . or Enter, or press ? or * to list all spells.
Aiming: Dazzling Spray (safe; 14% risk of failure)
Press: ? - help, Shift-Dir - straight line, f - redback
Aim: a redback (clinging, summoned, umbra)
The spray of energy misses the redback.
The deep elf mage shouts!
The deep elf mage casts a spell at you. The shard of ice hits you!
Ouch! That really hurt!
You die...

#_......._# #_......._#
#_......._# ###.........###
#⌠........e..⌠#
#####.8e........8.######
∩___......###......___∩##
........8.# #.8........∩###
..........###...@.........##
.......###...###..........⌠#
.......# #.<.# #s.........⌠#
.......###...###..........⌠#
..........###..sr.........##
......s.8†# #.8........∩###
∩_._...e3.###s.r...___∩##
#####.8....3.r..8.######
#⌠....†......⌠#


You could see a deep elf mage, a tarantella, a redback and 2 hell rats.

Vanquished Creatures
  2 porcupines (D)
  A killer bee (D)
  A hell rat (D)
  4 worker ants (D)
  A river rat (D)
  A quokka (D)
  A rat (D)
11 creatures vanquished.

Notes
Turn   | Place    | Note
-------+----------+-------------------------------------------
     0 | D        | MuseOD the Spriggan Enchanter began the quest for the Orb.
     0 | D        | Reached XP level 1. HP: 9/9 MP: 5/5
     3 | D        | Found a snail-covered altar of Cheibriados.
     3 | D        | Found a basalt altar of Yredelemnul.
     4 | D        | Found an ancient bone altar of Kikubaaqudgha.
     4 | D        | Found a stormy altar of Qazlal.
     5 | D        | Found a shimmering altar of Xom.
     6 | D        | Found a deep blue altar of Sif Muna.
     6 | D        | Found Goyrotej's Weapon Rack.
     6 | D        | Found Oram's Premium Goods.
     7 | D        | Found Puuvvat's Basic Armour.
     7 | D        | Found Equsyz's Miscellaneous Merchandise.
     9 | D        | Found a sacrificial altar of Ru.
     9 | D        | Round 1.
    11 | D        | Found a roughly hewn altar of Beogh.
    12 | D        | Found Kymoasagg's Identification Station.
    13 | D        | Found Wuaxocy's Advanced Armour.
    13 | D        | Found Kickapso's Jewellery.
    13 | D        | Found a glowing silver altar of Zin.
    13 | D        | Found an ornate altar of the Wu Jian Council.
    13 | D        | Found an iron altar of Okawaru.
    13 | D        | Found Hahawko's Delicious Food.
    17 | D        | Found an opulent altar of Gozag.
    18 | D        | Found a burning altar of Makhleb.
    19 | D        | Found a hide-covered altar of Uskayaw.
    20 | D        | Found a bloodstained altar of Trog.
    20 | D        | Found a glowing golden altar of the Shining One.
    20 | D        | Found a blossoming altar of Fedhas.
    20 | D        | Found Zuhe's Magic Scroll Shop.
    20 | D        | Found Cimas's Staff Store.
    21 | D        | Found Puwiaw's Magic Scroll Shop.
    21 | D        | Found Wiehupo's Must-Have Magic.
    24 | D        | Found a shadowy altar of Dithmenos.
    25 | D        | Found a corrupted altar of Lugonu.
    26 | D        | Found a radiant altar of Vehumet.
    27 | D        | Found Puvoam's Distillery.
    28 | D        | Found Tiatoj's Distillery.
    28 | D        | Found Teozyete's Bottled Wisdom.
    32 | D        | Became a worshipper of Dithmenos the Shadowed
    69 | D        | Reached skill level 1 in Fighting
    69 | D        | Reached skill level 5 in Stealth
    69 | D        | Reached XP level 2. HP: 14/14 MP: 6/6
    73 | D        | Learned a level 2 spell: Ensorcelled Hibernation
    79 | D        | Found a viscous altar of Jiyva.
    80 | D        | Found Gaakhal's Do-It-Yourself Clinic.
   133 | D        | Noticed a porcupine
   135 | D        | Noticed a porcupine
   139 | D        | Killed a porcupine
   139 | D        | Reached * piety under Dithmenos
   139 | D        | Reached skill level 7 in Stealth
   139 | D        | Reached skill level 5 in Spellcasting
   139 | D        | Reached XP level 3. HP: 20/20 MP: 2/10
   139 | D        | Reached XP level 4. HP: 24/24 MP: 2/12
   163 | D        | Killed a porcupine
   163 | D        | Reached skill level 9 in Stealth
   163 | D        | Reached XP level 5. HP: 29/29 MP: 0/14
   168 | D        | Learned a level 3 spell: Confuse
   172 | D        | Learned a level 3 spell: Dazzling Spray
   176 | D        | Learned a level 3 spell: Tukima's Dance
   199 | D        | Arena points: 14 (+14) [x2]
   241 | D        | Round 2.
   269 | D        | Reached ** piety under Dithmenos
   269 | D        | Reached XP level 6. HP: 34/34 MP: 5/16
   274 | D        | Reached skill level 10 in Stealth
   288 | D        | Noticed a soldier ant
   342 | D        | Reached *** piety under Dithmenos
   342 | D        | Reached skill level 5 in Fighting
   379 | D        | Arena points: 26 (+12) [x1]
   394 | D        | Round 3.
   408 | D        | Noticed a deep elf mage
   429 | D        | Noticed a tarantella
   429 | D        | Noticed a redback
   431 | D        | Noticed a sun demon
   433 | D        | Noticed a redback
   439 | D        | Noticed a deep elf mage
   443 | D        | Killed from afar by a deep elf mage

Skill      XL: |  1  2  3  4  5  6 |
---------------+-------------------+-----
Fighting       | 1 3 4 5 |  5.0
Short Blades   | 3 6 8 9 |  9.6
Stealth        | 5 7 9 10 | 10.5
Spellcasting   | 5 6 7 |  7.5
Dodging        | |  3.0
Hexes          | |  3.6

Action                   |  1- 3 |  4- 6 || total
-------------------------+-------+-------++-------
Melee: Dagger            |     2 |    19 ||    21
 Cast: Ensorcelled Hiber |     1 |     9 ||    10
       Confuse           |       |     3 ||     3
       Dazzling Spray    |       |     2 ||     2
Evoke: Wand              |     1 |     2 ||     3
 Stab: Sleeping          |     1 |     4 ||     5
       Distracted        |       |     1 ||     1
       Confused          |       |     1 ||     1
Dodge: Dodged            |       |    10 ||    10
